cohdb
Replays
Latest Replays
All Replays
Popular Replays
Top Player Replays
Match Explorer
How It Works
Community
CoH3 Stats
Reddit
Sign in to upload your games and track your stats! →
Sign in with Steam
Match 43945158
Unlisted
Match 43945158
Overview
Messages
Build Orders
End
Panzergrenadier Squad
Panzergrenadier Squad
Panzergrenadier Squad
Construct Light Support Kompanie
2.5-tonne Medical Truck
Selects Battlefield Espionage Battlegroup
Selects Intel Disruption Beacon
Fire Support Elements
Pak 38 Mechanized Group
Combat Half-tracks
Veteran Squad Leaders
Construct Panzerarmee Kommand
Selects Transfer Depots
Selects Firestorm
UH|dun! ツ
iceman
tillre
Timbomimbo
MontyP15
Pekko
0
0
Comments
sign in to comment!
No comments posted yet!